 Dungeon Crawl Stone Soup version 0.24-a0-580-g6a6c3f83c1 (webtiles) character file.

Game seed: 4609833623461967149

14744 GordonOverkill the Fighter (level 12, -1/94 HPs)
             Began as a Barachi Fire Elementalist on Aug 21, 2019.
             Was a High Priest of Vehumet.
             Slain by an orc knight
             ... wielding a +0 war axe
              (39 damage)
             ... on level 1 of the Orcish Mines on Aug 22, 2019.
             The game lasted 00:42:11 (18120 turns).

GordonOverkill the Fighter (BaFE)                  Turns: 18120, Time: 00:42:11

Health: -1/94      AC: 10    Str:  9    XL:     12   Next: 19%
Magic:  1/24       EV: 17    Int: 26    God:    Vehumet [*****.]
Gold:   941        SH:  0    Dex: 15    Spells: 10/27 levels left

rFire    . . .     SeeInvis .   a - +1 hunting sling
rCold    . . .     Gourm    .   (no shield)
rNeg     . . .     Faith    .   x - +2 robe of Mogix {Dex+3}
rPois    .         Spirit   .   y - +1 helmet
rElec    .         Reflect  .   q - +2 cloak {+Inv}
rCorr    .         Harm     .   K - +0 pair of gloves
MR       .....                  (no boots)
Stlth    ++........             (no amulet)
HPRegen  0.25/turn              n - ring of wizardry
MPRegen  0.19/turn              G - +4 ring of intelligence

@: slow
A: +LOS, swims, slowness 1, strong legs 1
a: Hop, Renounce Religion, Evoke Invisibility


You were on level 1 of the Orcish Mines.
You worshipped Vehumet.
Vehumet was extremely pleased with you.
You were hungry.

You visited 2 branches of the dungeon, and saw 12 of its levels.
You also visited: Sewer.

You collected 941 gold pieces.

Inventory:

Hand Weapons
 a - a +1 hunting sling (weapon)
 b - a +2 dagger of venom
 J - a +4 trident
Missiles
 i - 359 stones
 m - 33 boomerangs
 t - 42 sling bullets (quivered)
Armour
 q - a +2 cloak of invisibility (worn)
 x - the +2 robe of Mogix (worn) {Dex+3}
   (You found it on level 4 of the Dungeon)

   It affects your dexterity (+3).
 y - a +1 helmet (worn)
 K - a +0 pair of gloves (worn)
Magical Staves
 z - an uncursed staff of earth
Jewellery
 f - a +1 ring of evasion
 n - a ring of wizardry (left hand)
 G - a +4 ring of intelligence (right hand)
 H - an uncursed amulet of faith
Wands
 A - a wand of acid (8)
 C - a wand of polymorph (13)
 L - a wand of disintegration (4)
 N - a wand of random effects (12)
Scrolls
 d - a scroll of identify
 e - 2 scrolls of fear
 l - 2 scrolls of teleportation
 s - 4 scrolls of remove curse
 E - a scroll of amnesia
 I - 2 scrolls of immolation
 M - a scroll of silence
Potions
 h - 4 potions of curing
 k - 2 potions of brilliance
 o - 2 potions of berserk rage
 p - 3 potions of magic
 r - 2 potions of might
 u - 2 potions of haste
 B - a potion of invisibility
 D - a potion of mutation
 F - 5 potions of flight
Comestibles
 c - 11 rations


   Skills:
 + Level 8.8 Fighting
 - Level 8.0 Dodging
 - Level 2.0 Stealth
 - Level 8.0 Spellcasting
 + Level 8.6 Conjurations
 + Level 8.6 Fire Magic
 + Level 8.7 Ice Magic
 - Level 8.0 Evocations


You had 10 spell levels left.
You knew the following spells:

 Your Spells              Type           Power        Failure   Level  Hunger
a - Flame Tongue          Conj/Fire      #####        1%          1    None
b - Conjure Flame         Conj/Fire      ######..     1%          3    None
c - Sticky Flame          Conj/Fire      ######..     1%          4    ##.....
d - Throw Icicle          Conj/Ice       ######..     1%          4    ##.....
e - Fireball              Conj/Fire      ######....   1%          5    ####...

Your spell library contained the following spells:

 Spells                   Type           Power        Failure   Level  Hunger
 Olgreb's Toxic Radiance  Pois           ##......     7%          4    ##.....
 Freeze                   Ice            ####         1%          1    None
 Magic Dart               Conj           ####         1%          1    None
 Throw Flame              Conj/Fire      ######       1%          2    None
 Throw Frost              Conj/Ice       ######       1%          2    None
 Inner Flame              Hex/Fire       ####....     1%          3    None
 Mephitic Cloud           Conj/Pois/Air  ####....     1%          3    None
 Ozocubu's Armour         Chrm/Ice       ####....     1%          3    None
 Blink                    Tloc           N/A          3%          2    None
 Call Imp                 Summ           ##......     3%          2    None
 Slow                     Hex            ##......     3%          2    None
 Summon Ice Beast         Ice/Summ       ####....     4%          4    ##.....


Dungeon Overview and Level Annotations

Branches:
Dungeon (10/15)            Temple (0/1) D:5             Orc (2/2) D:9
    Elf (0/3) Orc:2         Sewer (visited)
   Lair: D:8-11

Altars:
Kikubaaqudgha
Makhleb
Okawaru
Vehumet
Xom
Beogh

Shops:
D:4 (

Annotations:
D:6 2 transporters, Skoj's ghost, novice OpTm


Innate Abilities, Weirdness & Mutations

Shadows flee at your approach. (+LOS)
You can swim through water.
You cover ground slowly.
You can hop short distances.


Message History

The orc knight hits you with a +0 war axe!!
You are feeling hungry.
The orc knight burns!
The orc knight is engulfed in blazing flames.
The orc priest calls down the wrath of Beogh upon you.
Beogh smites you!
You climb upwards.
There is a stone staircase leading down here.
The orc knight burns!
The orc knight stops burning.
Casting: Flame Tongue (safe; 1% risk of failure)
Confirm with . or Enter, or press ? or * to list all spells.
Aiming: Sticky Flame (safe; 1% risk of failure)
Press: ? - help, Shift-Dir - straight line, f - orc knight
Aim: an orc knight, wielding a +0 war axe and wearing a +0 chain mail (almost dead, unusually strong)
The sticky flame hits the orc knight but does no damage.
The orc knight is almost dead.
The orc knight is covered in liquid flames!
The orc knight burns!
The orc knight hits you with a +0 war axe!!!
You die...

#......##.)...#
##.....#.....##
##.#......###
###.....[##
###........#
##......#..###
#....#.###...##
#....####.....#
#....###.[.@..#
###......).o###
#.........>.#
##.......#.##
###....####
##...# ##.##
###


You could see an orc knight (burning).

Vanquished Creatures
  A stone giant (Orc:1)
  A two-headed ogre (Orc:2)
  3 skeletal warriors (D:9)
  2 orc knights
  An ugly thing (D:9)
  Joseph (D:7)
  A kobold demonologist (D:8)
  A hornet (D:9)
  Sigmund (D:6)
  A wyvern (D:8)
  4 yaks
  Grum (D:8)
  2 wargs
  Menkaure (D:7)
  A water moccasin (D:9)
  Duvessa (D:6)
  An ice beast (D:10)
  18 orc warriors
  2 sky beasts
  12 ogres
  A phantom (D:6)
  4 wolves
  A centaur (D:7)
  Blork the orc (D:6)
  19 big kobolds
  A bullfrog (D:8)
  3 scorpions
  Dowan (D:6)
  3 wights (D:9)
  2 howler monkeys (D:7)
  9 crimson imps
  3 hounds
  A quasit (D:10)
  A centaur zombie (D:8)
  2 bullfrog zombies
  A jelly (D:7)
  25 orc wizards
  9 orc priests
  Crazy Yiuf (D:2)
  2 bullfrog skeletons
  5 iguanas
  Natasha (thrice) (D:2)
  9 worker ants
  2 hound skeletons (D:7)
  2 howler monkey zombies
  A worker ant zombie (D:5)
  Robin (D:4)
  5 gnolls
  5 river rats
  A howler monkey skeleton (D:8)
  11 adders
  3 shadow imps
  An ooze (D:1)
  2 adder skeletons (D:8)
  7 worms
  2 dart slugs
  6 leopard geckos
  55 orcs
  3 bats
  5 giant cockroaches
  20 goblins
  8 hobgoblins
  6 jackals
  3 quokkas
  5 ball pythons
  6 frilled lizards
  2 jackal zombies (D:6)
  32 kobolds
  18 rats
375 creatures vanquished.

Notes
Turn   | Place    | Note
-------+----------+-------------------------------------------
     0 | D:1      | GordonOverkill the Barachi Fire Elementalist began the
                  | quest for the Orb.
     0 | D:1      | Reached XP level 1. HP: 13/13 MP: 3/3
     0 | D:1      | Noticed a vampire
     0 | D:1      | Noticed a dwarf
     3 | D:1      | Noticed a spriggan
     3 | D:1      | Noticed a formicid
     7 | D:1      | Noticed a ghoul
     8 | D:1      | Noticed an elf
     9 | D:1      | Noticed a troll
    10 | D:1      | Noticed a formicid
    11 | D:1      | Noticed a minotaur
    14 | D:1      | Noticed a centaur
    15 | D:1      | Noticed a felid
    16 | D:1      | Noticed a centaur
    16 | D:1      | Noticed a centaur
    18 | D:1      | Noticed a gargoyle
    18 | D:1      | Noticed a centaur
    18 | D:1      | Noticed an ogre
    20 | D:1      | Noticed a draconian
    21 | D:1      | Noticed a naga
   238 | D:1      | Reached XP level 2. HP: 10/19 MP: 1/5
  1002 | D:1      | Reached XP level 3. HP: 24/24 MP: 4/6
  1026 | D:1      | Learned a level 3 spell: Conjure Flame
  1727 | D:2      | Noticed Natasha
  1731 | D:2      | Killed Natasha
  1731 | D:2      | Reached XP level 4. HP: 30/30 MP: 4/7
  1863 | D:2      | Found a faded altar of an unknown god.
  2130 | D:2      | Became a worshipper of Vehumet
  2130 | D:2      | Reached * piety under Vehumet
  2130 | D:2      | Offered knowledge of Sandblast by Vehumet.
  2136 | D:2      | Learned a level 4 spell: Sticky Flame
  2546 | D:2      | Found a runed translucent door.
  2546 | D:2      | Noticed Natasha
  2546 | D:2      | Noticed Crazy Yiuf
  2552 | D:2      | Killed Crazy Yiuf
  2552 | D:2      | Reached XP level 5. HP: 35/35 MP: 4/9
  2554 | D:2      | Killed Natasha
  2931 | D:3      | Reached skill level 1 in Evocations
  3000 | D:3      | Reached ** piety under Vehumet
  3001 | D:3      | Offered knowledge of Throw Frost by Vehumet.
  3053 | D:3      | Found a glowing drain.
  3072 | Sewer    | Entered a sewer
  3087 | Sewer    | Noticed a big kobold
  3098 | Sewer    | Killed a big kobold
  3098 | Sewer    | Reached XP level 6. HP: 41/41 MP: 7/10
  3745 | Sewer    | Reached XP level 7. HP: 46/46 MP: 3/11
  3842 | Sewer    | Reached skill level 5 in Evocations
  4038 | Sewer    | Reached skill level 1 in Fighting
  4507 | D:2      | Noticed Natasha
  4523 | D:2      | Killed Natasha
  4693 | D:2      | Found a radiant altar of Vehumet.
  5285 | D:4      | Found a shimmering altar of Xom.
  5391 | D:4      | Offered knowledge of Dazzling Spray by Vehumet.
  5512 | D:4      | Reached XP level 8. HP: 50/57 MP: 6/14
  5790 | D:4      | Found Fuimox's Antique Weapon Emporium.
  5868 | D:4      | Reached *** piety under Vehumet
  5876 | D:4      | Noticed Robin
  5900 | D:4      | Killed Robin
  6136 | D:4      | Got a slimy robe
  6147 | D:4      | Identified the +2 robe of Mogix {Dex+3} (You found it on
                  | level 4 of the Dungeon)
  6165 | D:5      | Entered Level 5 of the Dungeon
  6427 | D:5      | Found a staircase to the Ecumenical Temple.
  6778 | D:5      | Found an iron altar of Okawaru.
  6788 | D:5      | Offered knowledge of Throw Icicle by Vehumet.
  7210 | D:6      | Noticed Dowan
  7212 | D:6      | Noticed Duvessa
  7216 | D:6      | Killed Dowan
  7217 | D:6      | Noticed Blork the orc
  7539 | D:6      | Killed Duvessa
  8079 | D:6      | Found a transporter.
  8079 | D:6      | Noticed Skoj's ghost (novice OpTm)
  8120 | D:6      | Found an ancient bone altar of Kikubaaqudgha.
  8165 | D:6      | Found a transporter.
  8214 | D:6      | Killed Blork the orc
  8223 | D:6      | Reached XP level 9. HP: 66/67 MP: 10/15
  8240 | D:6      | Found an iron altar of Okawaru.
  8242 | D:6      | Reached skill level 5 in Fighting
  8316 | D:6      | Noticed Sigmund
  8322 | D:6      | Killed Sigmund
  8322 | D:6      | Reached skill level 5 in Dodging
  8322 | D:6      | Reached skill level 5 in Conjurations
  8322 | D:6      | Reached skill level 5 in Fire Magic
  8726 | D:7      | Reached skill level 5 in Spellcasting
  8921 | D:7      | Noticed Joseph
  8932 | D:7      | Killed Joseph
  9594 | D:7      | Noticed Menkaure
  9599 | D:7      | Killed Menkaure
  9599 | D:7      | Reached **** piety under Vehumet
  9605 | D:7      | Learned a level 4 spell: Throw Icicle
 10256 | D:8      | Reached skill level 1 in Ice Magic
 10259 | D:8      | Offered knowledge of Yara's Violent Unravelling by Vehumet.
 10555 | D:8      | Noticed Grum
 10560 | D:8      | Reached XP level 10. HP: 74/76 MP: 11/19
 10998 | D:7      | Reached skill level 5 in Ice Magic
 11010 | D:8      | Killed Grum
 11639 | D:8      | Noticed a kobold demonologist
 11658 | D:8      | Killed a kobold demonologist
 12813 | D:9      | Reached ***** piety under Vehumet
 12821 | D:9      | Offered knowledge of Olgreb's Toxic Radiance by Vehumet.
 12824 | D:9      | Noticed a skeletal warrior
 12830 | D:9      | Noticed a skeletal warrior
 12831 | D:9      | Noticed a skeletal warrior
 12837 | D:9      | Noticed a skeletal warrior
 12857 | D:9      | Killed a skeletal warrior
 12857 | D:9      | Reached XP level 11. HP: 41/84 MP: 1/21
 13174 | D:9      | Killed a skeletal warrior
 13179 | D:10     | Entered Level 10 of the Dungeon
 13966 | D:9      | Noticed a red ugly thing
 13974 | D:9      | Killed a red ugly thing
 14784 | D:9      | Found a staircase to the Orcish Mines.
 14805 | Orc:1    | Entered Level 1 of the Orcish Mines
 15347 | D:9      | Learned a level 5 spell: Fireball
 15373 | Orc:1    | Noticed an orc knight
 15507 | D:9      | Killed an orc knight
 15715 | D:9      | Noticed a skeletal warrior
 15833 | D:9      | Killed a skeletal warrior
 16493 | Orc:1    | Noticed a stone giant
 16830 | Orc:1    | Killed a stone giant
 17198 | Orc:1    | Found a burning altar of Makhleb.
 17373 | Orc:2    | Entered Level 2 of the Orcish Mines
 17374 | Orc:2    | Noticed an orc warlord
 17490 | Orc:2    | Found a roughly hewn altar of Beogh.
 17490 | Orc:2    | Found a staircase to the Elven Halls.
 17491 | Orc:2    | Reached XP level 12. HP: 93/93 MP: 21/24
 17502 | Orc:2    | Noticed a two-headed ogre
 17513 | Orc:2    | Killed a two-headed ogre
 17773 | Orc:2    | Noticed an orc high priest
 17775 | Orc:2    | Noticed a soul eater
 18120 | Orc:1    | Slain by an orc knight

Levels and vault maps discovered:
D:1:      shiori_arrival_whats_in_store_for_you, layout_loops_ring
D:2:      kennysheep_the_goblin_king, layout_loops_ring,
          chequers_ecumenical_altar_simple_redux, uniq_crazy_yiuf_cottage,
          uniq_natasha
D:3:      layout_basic, portal_sewer_entry_e
D:4:      layout_rooms, serial_shops, shop, first_ration, led_xom_imps,
          uniq_robin
D:5:      layout_basic, minmay_temple_entry_water_ring,
          okawaru_altar_gauntlet_db
D:6:      layout_loops_ring, kiku_gazebo_pond_becter,
          gammafunk_ghost_stat_death, basic_altar, uniq_duvessa,
          uniq_blork_the_orc, uniq_sigmund
D:7:      layout_loops_cross, uniq_joseph, uniq_menkaure
D:8:      layout_rooms, special_room [special_room_kobold], uniq_grum
D:9:      layout_loops_ring, david_orc_4
D:10:     layout_loops_ring, grunt_livestock, roderic_lattice_a
Orc:1:    layout_diamond_mine, basic_altar
Orc:2:    pf_orc_diabolical, layout_caves, basic_altar,
          ebering_ghost_disaster_area, gauntlet_entry_generic,
          guppyfry_orc_lava_fort

Skill      XL: |  1  2  3  4  5  6  7  8  9 10 11 |
---------------+----------------------------------+-----
Stealth        | 2 |  2.0
Conjurations   | 2 3 4 6 7 8 |  8.6
Dodging        | 3 4 6 7 8 |  8.0
Fire Magic     | 4 6 7 8 |  8.6
Spellcasting   | 3 4 6 7 8 |  8.0
Evocations     | 3 4 5 7 8 |  8.0
Fighting       | 2 4 6 7 8 |  8.8
Ice Magic      | 3 7 8 |  8.7

Action                   |  1- 3 |  4- 6 |  7- 9 | 10-12 || total
-------------------------+-------+-------+-------+-------++-------
Melee: Dagger            |     3 |       |    11 |    89 ||   103
       Quarterstaff      |       |       |    42 |       ||    42
       War axe           |       |       |    35 |       ||    35
 Fire: Hunting sling     |       |    86 |   212 |   122 ||   420
Throw: Stone             |     9 |       |       |       ||     9
       Boomerang         |    12 |     3 |       |       ||    15
 Cast: Flame Tongue      |    59 |    75 |   149 |   275 ||   558
       Sticky Flame      |       |     2 |    47 |    95 ||   144
       Throw Icicle      |       |       |       |    16 ||    16
       Conjure Flame     |       |       |       |     4 ||     4
       Fireball          |       |       |       |     9 ||     9
 Abil: Hop               |       |       |       |     3 ||     3
       Evoke Invisibilit |       |       |       |     3 ||     3
Evoke: Wand              |       |       |       |    13 ||    13
  Use: Scroll            |       |    10 |    14 |     7 ||    31
  Eat: Chunk             |     4 |     7 |    24 |    25 ||    60
       Ration            |       |       |     2 |     3 ||     5
Armor: Robe              |     7 |     3 |    98 |    81 ||   189
Dodge: Dodged            |    20 |    21 |   184 |   269 ||   494

Table legend:
 A = Non-vault XP
 B = Vault XP
 C = Vault XP percentage of total XP
 D = Non-vault monster count
 E = Vault monster count
 F = Vault count percentage of total count
                 A         B        C        D         E       F
            +---------+---------+-------+---------+---------+-------
      Total |   14780 |    6284 |  29.8 |     247 |     128 |  34.1
            +---------+---------+-------+---------+---------+-------
        D:1 |      39 |       0 |   0.0 |      20 |       0 |   0.0
        D:2 |     117 |      84 |  41.8 |      20 |       9 |  31.0
        D:3 |      58 |      38 |  39.6 |      10 |       8 |  44.4
        D:4 |     460 |     234 |  33.7 |      26 |      16 |  38.1
        D:5 |     231 |      23 |   9.1 |       9 |       6 |  40.0
        D:6 |     457 |     534 |  53.9 |      21 |       4 |  16.0
        D:7 |     914 |     991 |  52.0 |      20 |       5 |  20.0
        D:8 |    1378 |    2325 |  62.8 |      26 |      30 |  53.6
        D:9 |    5599 |     545 |   8.9 |      40 |      16 |  28.6
       D:10 |     384 |       0 |   0.0 |       7 |       0 |   0.0
      Orc:1 |    3749 |     161 |   4.1 |      38 |       1 |   2.6
      Orc:2 |    1394 |     901 |  39.3 |      10 |       5 |  33.3
      Sewer |       0 |     448 | 100.0 |       0 |      28 | 100.0
            +---------+---------+-------+---------+---------+-------
